 Dungeon Sprint DCSS version 0.30-a0-953-g5f1da4a474 (webtiles) character file.

Game seed: 14974560752902157582

639 dialectric the Protected (level 7, -1/52 HPs)
             Began as a Gargoyle Fighter on Mar 28, 2023.
             Was a Follower of Trog.
             Slain by a hornet (8 damage)
             ... in the Dungeon (Sprint II: "The Violet Keep of Menkaure").
             The game lasted 00:01:48 (307 turns).

dialectric the Protected (Gargoyle Fighter)          Turns: 307, Time: 00:01:48

Health: -1/52      AC: 13    Str: 19    XL:     7   Next: 51%
Magic:  7/7        EV: 12    Int:  9    God:    Trog [*.....]
Gold:   369        SH:  0    Dex: 11    Spells: 6/6 levels left

rFire   . . .      SeeInvis .    a - +0 long sword
rCold   . . .      Faith    .    (no shield)
rNeg    + . .      Spirit   .    b - +0 scale mail
rPois   ∞          Reflect  .    (no helmet)
rElec   +          Rampage  .    (no cloak)
rCorr   .          NoTele   +    (no gloves)
Will    .....      Rage     3%   (no boots) Stlth
                                 (no amulet)
HPRegen 0.28/turn                (no ring)
MPRegen 0.10/turn                (no ring)

@: on berserk cooldown, slowed, very slow
A: sickness immunity, AC +4, negative energy resistance 1, electricity
resistance, torment resistance 1, petrification resistance, berserk 1
a: Renounce Religion, Berserk


You were in the Dungeon.
You worshipped Trog.
Trog was aware of your devotion.
You visited 1 branch You collected 369 gold pieces.

Inventory:

Hand Weapons
 a - a +0 long sword (weapon)
Missiles
 r - 6 poisoned darts (quivered)
Armour
 b - a +0 scale mail (worn)
 c - a +0 buckler
 x - a +0 tower shield
Jewellery
 i - a ring of positive energy
 q - a ring of resist corrosion
Scrolls
 d - 10 scrolls of identify {unknown}
 j - 2 scrolls of poison {unknown}
 l - 2 scrolls of immolation {unknown}
 m - 2 scrolls of amnesia {unknown}
 o - a scroll of enchant armour {unknown}
 p - 2 scrolls of fear {unknown}
 v - a scroll of fog {unknown}
 w - a scroll of acquirement {unknown}
Potions
 e - 3 potions of curing
 g - 2 potions of haste
 h - 5 potions of magic
 k - a potion of mutation {unknown}
 n - a potion of lignification {unknown}
 s - 3 potions of flight {unknown}
 t - 3 potions of resistance {unknown}
 u - 2 potions of attraction {unknown}


   Skills:
 + Level 9.7 Fighting
 + Level 6.7 Long Blades
 + Level 10.0 Armour
 * Level 6.3 Dodging
 - Level 3.2 Shields


You had 6 spell levels left.
You didn't know any spells.
Your spell library was empty.

Dungeon Overview and Level Annotations

Branches:
Dungeon (1/1)

Altars:
Cheibriados
Dithmenos
Elyvilon
Fedhas
Gozag
Hepliaklqana
Kikubaaqudgha
Makhleb
Nemelex Xobeh
Okawaru
Qazlal
Ru
Sif Muna
Trog
Uskayaw
Vehumet
Wu Jian
Xom
Yredelemnul
Zin
The Shining One
Jiyva
Lugonu

Annotations:
D Roxanne


Innate Abilities, Weirdness & Mutations

You are immune to sickness and miasma.
Your stone body is resilient. (AC +4)
You are immune to poison.
You resist negative energy. (rN+)
You are resistant to electric shocks. (rElec)
You are resistant to unholy torment.
You are immune to petrification.
You sometimes lose your temper in combat.


Message History

You are no longer berserk.
You are exhausted.
You feel yourself slow down.
The hornet stings you but does no damage.
You miss the hornet.
The hornet is lightly wounded.
The hornet stings you but does no damage.
The hornet barely misses you.
You hit the hornet.
The hornet is moderately wounded.
The hornet closely misses you.
The hornet stings you but does no damage. x2
Unknown command.
You feel much better. The hornet barely misses you. The hornet misses you.
You hit the hornet.
The hornet is moderately wounded.
The hornet closely misses you. x2
You slash the hornet!
The hornet is heavily wounded.
The hornet barely misses you. The hornet stings you!
You hit the hornet but do no damage.
The hornet is heavily wounded.
The hornet stings you!
The hornet stings you but does no damage. x2
You hit the hornet but do no damage.
The hornet is heavily wounded.
The hornet stings you. The hornet completely misses you.
You barely miss the hornet.
The hornet is heavily wounded.
The hornet stings you. The hornet barely misses you.
You barely miss the hornet.
The hornet is heavily wounded.
The hornet stings you. The hornet stings you!
* * * LOW HITPOINT WARNING * * *
You slash the hornet!
The hornet is severely wounded.
The hornet stings you.
* * * LOW HITPOINT WARNING * * *
The hornet closely misses you. The hornet stings you!
You die...

####+####
##~~.§~~§##
##§~~.~§~~~##
▓
+..~~.8.§§~.#
+ ~§.§~~.§~# #
~.c...# #
##~~#+++#§§'##
#~~~...@yh~..#
#~~~~.##+##~~#
#~~~~##$
.##.#### +.##.
#~~~ .°
..#....# ...#
#~~


B#B ###h.## #..# #~ #+# #.##..# +..# # ###.####.#.y# #..# #+.<.†.##'..####..#
#.##.##...#....###.. You could see Roxanne, a polar bear, a yaktaur and a
hornet.

Vanquished Creatures
  A polar bear (D)
  A neqoxec (D)
  Menkaure (D)
  A water moccasin (D)
  2 scorpions (D)
  3 worms (D)
9 creatures vanquished.

Vanquished Creatures (others)
  4 tentacles (D)
4 creatures vanquished.

Grand Total: 13 creatures vanquished

Notes
Turn   | Place    | Note
-------+----------+-------------------------------------------
     0 | D        | dialectric the Gargoyle Fighter began the quest for the
                  | Orb.
     0 | D        | Reached XP level 1. HP: 14/14 MP: 1/1
     8 | D        | Noticed a neqoxec
    12 | D        | Gained mutation: You sometimes lose your temper in combat.
                  | [a neqoxec]
    17 | D        | Killed a neqoxec
    18 | D        | Reached skill level 7 in Armour
    18 | D        | Reached XP level 2. HP: 20/23 MP: 2/2
    18 | D        | Reached XP level 3. HP: 24/28 MP: 3/3
    18 | D        | Reached XP level 4. HP: 28/32 MP: 4/4
    18 | D        | Reached XP level 5. HP: 32/37 MP: 5/5
    68 | D        | Noticed a boulder beetle
    68 | D        | Noticed a boulder beetle
    79 | D        | Reached skill level 8 in Armour
    79 | D        | Reached XP level 6. HP: 31/44 MP: 6/6
    91 | D        | Noticed a water moccasin
   101 | D        | Killed a water moccasin
   102 | D        | Reached skill level 5 in Long Blades
   102 | D        | Reached skill level 9 in Armour
   102 | D        | Reached skill level 5 in Dodging
   104 | D        | Found a blossoming altar of Fedhas.
   105 | D        | Found a white marble altar of Elyvilon.
   105 | D        | Found an opulent altar of Gozag.
   105 | D        | Found a burning altar of Makhleb.
   106 | D        | Found a shadowy altar of Dithmenos.
   106 | D        | Found a corrupted altar of Lugonu.
   107 | D        | Found a snail-covered altar of Cheibriados.
   107 | D        | Found an ancient bone altar of Kikubaaqudgha.
   107 | D        | Found a bloodstained altar of Trog.
   108 | D        | Found a viscous altar of Jiyva.
   108 | D        | Found a shimmering blue altar of Sif Muna.
   109 | D        | Found a hazy altar of Hepliaklqana.
   109 | D        | Found a sacrificial altar of Ru.
   110 | D        | Found a shimmering altar of Xom.
   111 | D        | Found a stormy altar of Qazlal.
   111 | D        | Found an ornate altar of the Wu Jian Council.
   111 | D        | Found a sparkling altar of Nemelex Xobeh.
   111 | D        | Found a hide-covered altar of Uskayaw.
   111 | D        | Found a basalt altar of Yredelemnul.
   111 | D        | Found a glowing golden altar of the Shining One.
   112 | D        | Found a radiant altar of Vehumet.
   112 | D        | Found an iron altar of Okawaru.
   112 | D        | Found a glowing silver altar of Zin.
   114 | D        | Noticed a water moccasin
   115 | D        | Noticed a water moccasin
   120 | D        | Became a worshipper of Trog the Wrathful
   132 | D        | Noticed a kraken
   250 | D        | Noticed a water moccasin
   257 | D        | Noticed a yaktaur
   257 | D        | Noticed a hornet
   257 | D        | Noticed a polar bear
   257 | D        | Noticed a polar bear
   272 | D        | Noticed Menkaure
   273 | D        | Identified Roxanne's Vellum of the Quarry
   273 | D        | Noticed Roxanne
   285 | D        | Killed Menkaure
   286 | D        | Reached XP level 7. HP: 51/51 MP: 7/7
   291 | D        | Killed a polar bear
   291 | D        | Reached * piety under Trog
   292 | D        | Reached skill level 10 in Armour
   307 | D        | Slain by a hornet

Illustrated notes

Levels and vault maps discovered:
D:        the_violet_keep_of_menkaure [sprint2_stairs_cluster_1,
          sprint2_shoproom, sprint2_temple, sprint2_basic_supplies,
          sprint2_obstacle_7, sprint2_obstacle_3, sprint2_obstacle_6,
          sprint2_obstacle_4, sprint2_obstacle_2, sprint2_timed_cluster_1,
          sprint2_smallroom_cluster_1, sprint2_smallroom_final_cluster_1,
          sprint2_transparent_cluster_1, sprint2_second_timed_cluster_1,
          sprint2_sniper_area_1, sprint2_heavy_combat_area_1,
          sprint2_mutation_trap_area_1, sprint2_forest_area_1,
          sprint2_light_combat_area_1, sprint2_behind_water_1,
          sprint2_near_end_vault_1]

Skill      XL: |  1  2  3  4  5  6  7 |
---------------+----------------------+-----
Fighting       | 6 8 9 |  9.7
Long Blades    | 3 4 6 |  6.7
Armour         | 7 8 9 10 | 10.0
Dodging        | 3 4 5 6 |  6.3
Shields        | |  3.2

Action                     |  1- 3 |  4- 6 |  7- 9 || total
---------------------------+-------+-------+-------++-------
  Melee: Long sword        |     8 |    37 |    21 ||    66
         Punch             |       |     1 |       ||     1
    Use: Potion            |     1 |     2 |     1 ||     4
         Scroll            |       |     1 |       ||     1
 Armour: Scale mail        |     1 |    13 |    12 ||    26
  Dodge: Dodged            |     1 |    20 |    19 ||    40

Table legend: (Time is in decaauts)
 A = Elapsed time spent in this place.
 B = Non-inter-level travel time spent in this place.
 C = Inter-level travel time spent in this place.
 D = Time resting spent in this place.
 E = Time spent auto-exploring this place.
 F = Levels seen in this place.
 G = Mean time per level.
                   A        B        C        D        E       F      G
               +--------+--------+--------+--------+--------+-----+--------+
         Total |    328 |    328 |      0 |     36 |      0 |   1 |  328.0 |
       Dungeon |    328 |    328 |      0 |     36 |      0 |   1 |  328.0 |
               +--------+--------+--------+--------+--------+-----+--------+

Top non-repeatable levels by time:
       D: 328 daAuts
